 Dungeon Crawl Stone Soup version 0.28-a0-199-g298df9dbad (webtiles) character file.

Game seed: 10263145173670279309

576 gruber the Ducker (level 7, 0/45 HPs)
             Began as a Djinni Ice Elementalist on Aug 19, 2021.
             Was an Initiate of Makhleb.
             Slain by an orc wizard (1 damage)
             ... on level 4 of the Dungeon.
             The game lasted 00:04:42 (4263 turns).

gruber the Ducker (Djinni Ice Elementalist)         Turns: 4263, Time: 00:04:43

Health: 0/45       AC:  8    Str:  7    XL:     7   Next: 62%
Gold:   66         EV: 13    Int: 19    God:    Makhleb [......] SH:  0 Dex: 13

rFire   + + .      SeeInvis .   c - +3 dagger (venom)
rCold   . . .      Faith    .   (no shield)
rNeg    . . .      Spirit   .   f - +2 leather armour {rC+}
rPois   ∞          Reflect  .   k - +1 helmet
rElec   .          Harm     .   (no cloak)
rCorr   .          Rampage  .   l - +0 pair of gloves
Will    .....                   (boots unavailable)
Stlth   ++........              (no amulet)
HPRegen 0.15/turn               (no ring)
MPRegen 0.00/turn               (no ring)

@: flying
A: sickness immunity, fire resistance 2, cold vulnerability 1, float, innate
caster, hp casting, extra vitality 1
a: Renounce Religion


You were on level 4 of the Dungeon.
You worshipped Makhleb.
Makhleb was noncommittal.
You visited 2 branches of the dungeon, and saw 5 of its levels.

You collected 66 gold pieces.

Inventory:

Hand Weapons
 c - a +3 dagger of venom (weapon)
Armour
 f - a +2 leather armour of cold resistance (worn)
 k - a +1 helmet (worn)
 l - a +0 pair of gloves (worn)
Scrolls
 a - a scroll of amnesia {unknown}
 b - 5 scrolls of teleportation {unknown}
 e - 3 scrolls of identify {unknown}
 g - a scroll of magic mapping {unknown}
 j - 2 scrolls of fog {unknown}
 n - a scroll of brand weapon {unknown}
 o - a scroll of summoning {unknown}
 q - a scroll of blinking {unknown}
 t - a scroll of torment {unknown}
Potions
 d - a potion of might {unknown}
 h - a potion of lignification {unknown}
 i - 3 potions of curing {unknown}
 m - a potion of cancellation {unknown}
 p - a potion of flight {unknown}
 r - a potion of heal wounds {unknown}
 s - 2 potions of invisibility {unknown}


   Skills:
 - Level 0.1 Short Blades
 - Level 4.1 Armour
 + Level 6.3 Dodging
 - Level 1.5 Stealth
 - Level 4.0 Spellcasting


You couldn't memorise any spells.
You knew the following spells:

 Your Spells              Type           Power      Damage    Failure   Level
a - Freeze                Ice            76%        1d9       3%          1
b - Frozen Ramparts       Ice            38%        1d5       12%         3
c - Ozocubu's Armour      Ice            19%        N/A       12%         3
d - Hailstorm             Conj/Ice       19%        3d6       36%         4
e - Shock                 Conj/Air       76%        1d7       3%          1
f - Ensorcelled Hibernat  Hex/Ice        38%        N/A       6%          2
g - Portal Projectile     Hex/Tloc       38%        N/A       12%         3
Your spell library was empty.

Dungeon Overview and Level Annotations

Branches:
Dungeon (4/15)             Temple (1/1) D:4

Altars:
Ashenzari
Cheibriados
Elyvilon
Fedhas
Gozag
Makhleb
Ru
Wu Jian
Yredelemnul

Shops:
D:3 =


Innate Abilities, Weirdness & Mutations

You are immune to sickness and miasma.
You are immune to poison.
Your flesh is very heat resistant. (rF++)
You are vulnerable to cold. (rC-)
You float through the air rather than walking.
You learn spells naturally, not from books.
Your magical power is your life essence.
You have superior vitality. (+4 HP)


Message History

Aiming: Freeze (safe; 3% risk of failure)
Press: ? - help, Shift-Dir - straight line, f/p - orc warrior
Aim: an orc warrior, wielding a +2 vorpal battleaxe and wearing a +0 plate armour (almost dead)
You freeze the orc warrior.
The orc warrior is almost dead.
The wall freezes the orc warrior.
You kill the orc warrior!
Makhleb accepts your kill.
The wall freezes the orc priest.
The orc priest mumbles some strange prayers to Beogh against you.
Beogh smites you!
* * * LOW HITPOINT WARNING * * *
Your Dodging skill increases to level 6!
Unknown command.
Casting: Freeze (safe; 3% risk of failure)
Confirm with . or Enter, or press ? or * to list all spells.
Okay, then.
Unknown command.
You aren't carrying any items that you can evoke.
The wall freezes the orc priest.
Unknown command.
Casting: Freeze (safe; 3% risk of failure)
Confirm with . or Enter, or press ? or * to list all spells.
Aiming: Freeze (safe; 3% risk of failure)
Press: ? - help, Shift-Dir - straight line, f - orc priest
Aim: an orc priest, wielding a +0 flail (heavily wounded)
You freeze the orc priest!
You kill the orc priest!
Makhleb accepts your kill.
* * * LOW HITPOINT WARNING * * *
The wall freezes something.
Unknown command.
The wall freezes something.
Something hits you but does no damage.
The wall freezes something.
Something hits you but does no damage.
The frozen ramparts melt away.
Something hits you.
* * * LOW HITPOINT WARNING * * *
Something barely misses you.
You miss something. Something hits you but does no damage.
You miss something. Something hits you.
You die...

######....#..#
#.........#..#
#.........#..# ##
#.........#..# ..
#......##.#..# o#
#......##.#..# #.# ##
#......##.#..# ..# #.
#......##.#..####.#####.
.......@{)..)...........
#########.#.............
#.##.##########. #.##.#
#. ^..... #. ##..### #.
... #. #.## ###. .. #...


There were no monsters in sight!

Vanquished Creatures
  An orc warrior (D:4)
  An ogre (D:4)
  A phantom (D:4)
  A bullfrog (D:4)
  An orc priest (D:4)
  A centaur skeleton (D:4)
  8 gnolls
  3 adders
  An ufetubus (D:3)
  An adder skeleton (D:4)
  2 worms
  2 dart slugs
  2 orcs (D:4)
  5 endoplasms
  4 giant cockroaches
  2 goblins
  6 hobgoblins
  4 jackals (D:3)
  10 kobolds
  6 quokkas
  7 ball pythons
  6 bats
  2 frilled lizards
  4 rats
81 creatures vanquished.

Notes
Turn   | Place    | Note
-------+----------+-------------------------------------------
     0 | D:1      | gruber the Djinni Ice Elementalist began the quest for the
                  | Orb.
     0 | D:1      | Reached XP level 1. HP: 15/15 MP: 0/0
    79 | D:1      | Reached XP level 2. HP: 18/21 MP: 0/0
   466 | D:1      | Reached XP level 3. HP: 21/25 MP: 0/0
   466 | D:1      | Learned a level 1 spell: Shock
  1234 | D:2      | Reached skill level 1 in Armour
  1361 | D:2      | Reached XP level 4. HP: 31/31 MP: 0/0
  1732 | D:2      | Found a faded altar of an unknown god.
  1804 | D:2      | Reached XP level 5. HP: 25/35 MP: 0/0
  1804 | D:2      | Learned a level 2 spell: Ensorcelled Hibernation
  1908 | D:2      | Found a basalt altar of Yredelemnul.
  2269 | D:3      | Found Kat Hiat's Jewellery Shop.
  2481 | D:3      | Reached skill level 3 in Dodging
  3270 | D:4      | Noticed a phantom
  3319 | D:4      | Noticed a bullfrog
  3326 | D:4      | Killed a bullfrog
  3327 | D:4      | Reached XP level 6. HP: 22/40 MP: 0/0
  3432 | D:4      | Noticed an ogre
  3441 | D:4      | Killed an ogre
  3442 | D:4      | Reached skill level 4 in Dodging
  3670 | D:4      | Reached skill level 5 in Dodging
  3670 | D:4      | Reached XP level 7. HP: 35/45 MP: 0/0
  3670 | D:4      | Learned a level 3 spell: Portal Projectile
  3774 | D:4      | Found a staircase to the Ecumenical Temple.
  3911 | Temple   | Entered the Ecumenical Temple
  3922 | Temple   | Became a worshipper of Makhleb the Destroyer
  4256 | D:4      | Reached skill level 6 in Dodging
  4260 | D:4      | HP: 1/45 [something (2)]
  4263 | D:4      | Slain by an orc wizard

Illustrated notes

Levels and vault maps discovered:
D:1:      amcnicky_arrival_double_pillar, layout_basic, serial_aquarium,
          aquarium_bridge_square [aquarium_subvault_bridge,
          aquarium_subvault_window, aquarium_subvault_balcony,
          aquarium_subvault_bridge], aquarium_bridge_island_small
          [aquarium_subvault_small_open, aquarium_subvault_bridge,
          aquarium_subvault_wall, aquarium_subvault_bridge,
          aquarium_subvault_bridge], aquarium_window_fake,
          aquarium_window_corridor_3, aquarium_view_2c, aquarium_balcony_3b
D:2:      layout_rooms, basic_altar,
          dreamdust_ecumenical_altar_hidden_monk_grotto, st_stairs_11,
          wad_floor_pattern_2, kennysheep_cluttered_room, minmay_pentomino_v2
D:3:      layout_basic, serial_shops, nicolae_square_shop,
          hangedman_abyss_or_decor_lesser_grid
D:4:      layout_basic, minmay_temple_entry_sparse_star,
          gup_sewer_entry_bubbles, minmay_misc_feat_alley
Temple:   regret_index_temple_chain_breaker

Skill      XL: |  1  2  3  4  5  6  7 |
---------------+----------------------+-----
Spellcasting   | 4 |  4.0
Armour         | 1 2 4 |  4.1
Dodging        | 3 5 6 |  6.3
Short Blades   | |  0.1
Stealth        | |  1.5

Action                   |  1- 3 |  4- 6 |  7- 9 || total
-------------------------+-------+-------+-------++-------
Melee: Unarmed           |     8 |       |       ||     8
       Dagger            |    53 |    65 |    19 ||   137
 Cast: Freeze            |    18 |    17 |     6 ||    41
       Frozen Ramparts   |       |     8 |     2 ||    10
       Ozocubu's Armour  |       |     2 |       ||     2
       Shock             |       |     4 |       ||     4
 Stab: Sleeping          |     1 |       |       ||     1
Armor: Robe              |     7 |       |       ||     7
       Leather armour    |    13 |    31 |    17 ||    61
Dodge: Dodged            |    48 |    60 |    24 ||   132

Table legend: (Time is in decaauts)
 A = Elapsed time spent in this place.
 B = Non-inter-level travel time spent in this place.
 C = Inter-level travel time spent in this place.
 D = Time resting spent in this place.
 E = Time spent auto-exploring this place.
 F = Levels seen in this place.
 G = Mean time per level.
                   A        B        C        D        E       F      G
               +--------+--------+--------+--------+--------+-----+--------+
         Total |   4263 |   4038 |    225 |      0 |   3403 |   5 |  852.6 |
       Dungeon |   4241 |   4027 |    214 |      0 |   3400 |   4 | 1060.2 |
        Temple |     21 |     11 |     10 |      0 |      3 |   1 |   21.0 |
               +--------+--------+--------+--------+--------+-----+--------+

Top non-repeatable levels by time:
     D:3: 1148 daAuts
     D:1: 1116 daAuts
     D:2: 1062 daAuts
     D:4: 914 daAuts
  Temple: 21 daAuts
